[Event "28th Hit Open-A 2024"]
[Site "Nova Gorica"]
[Date "2024.01.30"]
[Round "6.12"]
[White "Goroshkov, Maksym"]
[Black "Dorokhina, Elizaveta"]
[Result "1-0"]
[ECO "A07"]
[WhiteElo "2338"]
[BlackElo "1994"]
[Annotator "TA"]
[PlyCount "120"]
[EventDate "2024.01.22"]
[EventType "swiss"]
[EventCountry "SLO"]
[SourceTitle "playchess.com"]
[Source "ChessBase"]
[SourceQuality "1"]
[TimeControl "5400+30"]

1. Nf3 d5 2. b3 Bf5 3. Bb2 e6 4. g3 Nf6 5. Bg2 Be7 6. d3 h6 7. O-O O-O 8. Nbd2 c5 9. Ne5 Nbd7 10. e4 Bh7 11. Nxd7 Qxd7 {[%emt 0:00:10] The position is equal.} 12. exd5 exd5 13. Qe2 Rfe8 14. Rae1 Bf5 15. Nf3 Rad8 16. Ne5 Qc8 17. Qd2 Bh3 18. Qf4 Bxg2 19. Kxg2 Bd6 {[%emt 0:00:32] Strongly threatening ...d4.} 20. Qf3 Re7 21. Re2 Rde8 22. Rfe1 b5 {[%emt 0:08:32] ...d4 would now be deadly.} 23. h3 d4 24. Ng4 Nxg4 (24... Nd5 $5) 25. Rxe7 Rxe7 26. Rxe7 Bxe7 27. hxg4 $11 {[%emt 0:00:10][%mdl 4096] Endgame. KQB-KQB} a6 28. Qe4 Qe6 {[%emt 0:00:33] [#]} (28... Bf8 $11) 29. Qxe6 $1 $16 fxe6 {[%emt 0:00:06] [#] KB-KB} 30. b4 $1 cxb4 (30... c4 31. dxc4) 31. Bxd4 Kf7 32. Kf3 Bd6 33. Ke4 g6 34. Be5 Bc5 35. d4 Be7 36. d5 Bc5 37. f3 Ke7 (37... Bf2 $16 {might work better.} 38. Bf4 exd5+ 39. Kxd5 h5) 38. Bf4 $18 g5 $2 {[%emt 0:03:42] This costs Black the game.} (38... Bf2 $16 39. Bxh6 Bxg3) 39. Be5 Bf2 40. f4 exd5+ 41. Kxd5 gxf4 42. gxf4 Kf7 43. f5 Be3 44. Bd4 Bd2 45. Kc5 Ke7 46. Be5 Kd7 47. Kb6 Be3+ 48. Kxa6 Kc6 49. Bg7 {[%emt 0:00:43] Intending f6 and mate.} Bd2 50. f6 {[%emt 0:00:10] White mates.} Bc3 51. Bxh6 Bxf6 52. g5 Be5 53. g6 Bf6 54. g7 Bxg7 55. Bxg7 Kc7 56. Kxb5 Kb7 57. Kxb4 Ka8 58. Bh8 Ka7 59. Kc5 Kb7 60. Kd6 Kc8 {[%emt 0:00:04] Weighted Error Value: White=0.04 (flawless) /Black=0.33.  Loses game:     	---       	Black=1      Mistake:       	---       	Black=2      Inaccurate:     	White=2     	Black=3      OK:         	White=14    	Black=11     Best:        	White=1     	---        Strong:       	White=1     	---        Brilliant:      	White=1     	---} 1-0

[Event "28th Hit Open-A 2024"]
[Site "Nova Gorica"]
[Date "2024.01.30"]
[Round "6.13"]
[White "Pirs, Matjaz"]
[Black "Stevanic, David"]
[Result "0-1"]
[ECO "C42"]
[WhiteElo "1965"]
[BlackElo "2294"]
[Annotator "RC"]
[PlyCount "130"]
[EventDate "2024.01.22"]
[EventType "swiss"]
[EventCountry "SLO"]
[SourceTitle "playchess.com"]
[Source "ChessBase"]
[SourceQuality "1"]
[TimeControl "5400+30"]

1. e4 e5 2. Nf3 Nf6 3. Nc3 Bb4 4. Nxe5 O-O 5. Nd3 Bxc3 6. dxc3 Nxe4 7. Be2 d6 8. O-O Bf5 9. Be3 Nc6 10. Re1 Re8 11. Nf4 Ne5 12. h3 c6 13. Bd3 d5 14. f3 Nxd3 15. cxd3 Ng3 16. Qd2 Bg6 17. Bf2 Nf5 18. Rxe8+ Qxe8 19. Re1 Qd7 20. Re2 b6 21. Qe1 Kf8 22. g4 Nd6 23. Bg3 Nb7 24. h4 h6 25. Nxg6+ fxg6 26. d4 Re8 27. Be5 Kg8 28. Kg2 Nd8 29. Re3 Nf7 30. Kg3 g5 31. h5 Nd8 32. Qb1 Ne6 33. Kf2 Qf7 34. Qe1 Nf8 35. Qe2 g6 36. hxg6 Qxg6 37. a3 h5 38. gxh5 Qxh5 39. f4 Qh2+ 40. Kf1 Qh1+ 41. Kf2 Qh2+ 42. Kf1 Qxe2+ 43. Rxe2 gxf4 44. Rg2+ Kf7 45. Bxf4 Nd7 46. Rf2 Rg8 47. Ke2 Ke6 48. Kd3 Nf6 49. Be5 Ne4 50. Rh2 Kf5 51. Rh5+ Kg4 52. Rh8 Rxh8 53. Bxh8 Kf3 54. Bg7 Nf2+ 55. Kc2 Ke2 56. Bf8 Ne4 57. b4 b5 58. Bh6 Nd6 59. Bf4 Nc4 60. Bc1 a6 61. Kb3 Kd3 62. Bg5 Nb6 63. Bh4 Na4 64. Be1 Ke2 65. Bh4 Kd2 0-1

[Event "28th Hit Open-A 2024"]
[Site "Nova Gorica"]
[Date "2024.01.30"]
[Round "6.14"]
[White "Furlan, Miha"]
[Black "Zupancic, Urban"]
[Result "1-0"]
[ECO "B84"]
[WhiteElo "2287"]
[BlackElo "2025"]
[Annotator "TA"]
[PlyCount "75"]
[EventDate "2024.01.22"]
[EventType "swiss"]
[EventCountry "SLO"]
[SourceTitle "playchess.com"]
[Source "ChessBase"]
[SourceQuality "1"]
[TimeControl "5400+30"]

1. e4 c5 2. Nf3 d6 3. d4 cxd4 4. Nxd4 Nf6 5. Nc3 a6 6. Be2 e6 7. f4 Qc7 8. g4 Nfd7 (8... h6 $14) 9. g5 Nc6 10. Be3 b5 {[%emt 0:04:59] White is better.} 11. a3 {[%emt 0:05:34] White is more active.} Bb7 12. Rf1 {[%emt 0:01:18] White leaves nothing to chance now.} Nxd4 13. Qxd4 e5 14. Qd2 (14. Nd5 exd4 15. Nxc7+ Kd8 16. Nxa8 dxe3 $19) 14... exf4 15. Bxf4 Be7 16. O-O-O Ne5 17. h4 Rc8 18. Kb1 O-O 19. h5 Nc4 20. Bxc4 Qxc4 21. Bxd6 Bxd6 22. Qxd6 Bxe4 {[%emt 0:01:00] Black is weak on the dark squares} (22... Qc5 $142 23. Qd2 b4 24. axb4 Qxb4) 23. Rf4 $18 (23. Qxa6 $2 Qb3 24. Ka1 (24. Nxe4 Rxc2) 24... Bxc2 $19) 23... Rc6 {[%emt 0:11:43] [#]} (23... Bxc2+ {was called for.} 24. Kxc2 Qe2+ 25. Kb3 (25. Kb1 Qxh5 26. a4 Qxg5 $16) 25... Qxh5) 24. Qxf8+ $3 {[%emt 0:02:58][%mdl 512] White is clearly winning.} Kxf8 25. Rxe4 (25. Nxe4 $2 {is the wrong capture.} Qxc2+ 26. Ka2 Qxd1 $19) 25... f5 26. Rd8+ Kf7 27. Rd7+ Kf8 28. Rxc4 Rxc4 {[%emt 0:00:00][%mdl 4096] Endgame. KRN-KR} 29. g6 hxg6 30. hxg6 {[%emt 0:00:08] [#] aiming for Nd5.} Rc6 31. Rf7+ Kg8 32. Rxf5 {[%emt 0:00:18] Hoping for Nd5.} Rxg6 33. b4 Re6 34. Nd5 g6 (34... Kh7 $142 35. Rh5+ Kg8) 35. Rf6 Re1+ 36. Kb2 Rd1 37. Rxg6+ Kf7 38. Rd6 {[%emt 0:00:22] Weighted Error Value: White=0.03 (flawless) /Black=0.45.  Mistake:       	---       	Black=3      Inaccurate:     	---       	Black=3      OK:         	White=16    	Black=9      Best:        	White=1     	Black=2} 1-0

[Event "28th Hit Open-A 2024"]
[Site "Nova Gorica"]
[Date "2024.01.30"]
[Round "6.15"]
[White "Kukushkin, Ivan"]
[Black "Bodrogi, Bendeguz"]
[Result "0-1"]
[ECO "B15"]
[WhiteElo "1890"]
[BlackElo "2261"]
[Annotator "RC"]
[PlyCount "82"]
[EventDate "2024.01.22"]
[EventType "swiss"]
[EventCountry "SLO"]
[SourceTitle "playchess.com"]
[Source "ChessBase"]
[SourceQuality "1"]
[TimeControl "5400+30"]

1. e4 c6 2. d4 d5 3. Nc3 dxe4 4. Nxe4 Nf6 5. Nxf6+ exf6 6. c3 Bd6 7. Bd3 O-O 8. Qc2 Re8+ 9. Ne2 h5 10. O-O h4 11. h3 Nd7 12. Be3 Nf8 13. c4 Be6 14. Rad1 Rc8 15. Qa4 a6 16. d5 Bd7 17. dxc6 Bxc6 18. Qb3 Qe7 19. Rfe1 Ne6 20. Bf5 g6 21. Bxe6 Qxe6 22. Qd3 Rcd8 23. Nd4 Qe5 24. f4 Qe4 25. Nxc6 Qxc6 26. Qc3 Bc5 27. Rxd8 Rxd8 28. Kh1 Kg7 29. Bxc5 Qxc5 30. b3 Qf2 31. Qe3 Qxa2 32. Qe7 Qd2 33. c5 Rd7 34. Qe8 Rd3 35. Rf1 Rxb3 36. c6 Re3 37. Qc8 Re1 38. Rxe1 Qxe1+ 39. Kh2 Qg3+ 40. Kg1 Qe3+ 41. Kh2 Qxf4+ 0-1

[Event "28th Hit Open-A 2024"]
[Site "Nova Gorica"]
[Date "2024.01.30"]
[Round "6.16"]
[White "Jalovec, Igor"]
[Black "Skrbec, Leon"]
[Result "0-1"]
[ECO "B22"]
[WhiteElo "1703"]
[BlackElo "2218"]
[Annotator "RC"]
[PlyCount "94"]
[EventDate "2024.01.22"]
[EventType "swiss"]
[EventCountry "SLO"]
[SourceTitle "playchess.com"]
[Source "ChessBase"]
[SourceQuality "1"]
[TimeControl "5400+30"]

1. e4 c5 2. c3 Nf6 3. e5 Nd5 4. d4 cxd4 5. cxd4 d6 6. Nf3 e6 7. Bc4 Nb6 8. Bd3 Nc6 9. a3 Be7 10. O-O O-O 11. Nc3 d5 12. Bc2 f5 13. Qd3 Bd7 14. Nd2 Rc8 15. g4 a6 16. gxf5 Rxf5 17. Qh3 Nxd4 18. Bxf5 Nxf5 19. Ne2 Bb5 20. Re1 Qd7 21. Qg4 Rf8 22. Nb3 Bxe2 23. Rxe2 Qb5 24. Re3 Nc4 25. Rh3 Nxe5 26. Qh5 h6 27. Nd4 Nxd4 28. Qxe5 Bf6 29. Qh5 Nf5 30. Qg6 Qe8 31. Qg4 Kh7 32. Rb3 Qd7 33. Bd2 Bd4 34. Be3 Rf6 35. Qe2 Rg6+ 36. Kh1 Bf6 37. Qd3 d4 38. Bf4 e5 39. Bg3 Qd5+ 40. Kg1 e4 41. Qd1 d3 42. Rc1 Nd4 43. Rb6 Ne2+ 44. Kf1 e3 45. fxe3 Qf3+ 46. Ke1 Qxe3 47. Bf2 Bh4 0-1

[Event "28th Hit Open-A 2024"]
[Site "Nova Gorica"]
[Date "2024.01.30"]
[Round "6.17"]
[White "Lavrencic, Matic"]
[Black "Budai, Leonardo"]
[Result "1-0"]
[ECO "D32"]
[WhiteElo "2299"]
[BlackElo "1847"]
[Annotator "TA"]
[PlyCount "103"]
[EventDate "2024.01.22"]
[EventType "swiss"]
[EventCountry "SLO"]
[SourceTitle "playchess.com"]
[Source "ChessBase"]
[SourceQuality "1"]
[TimeControl "5400+30"]

1. Nf3 d5 2. e3 Nf6 3. c4 e6 4. b3 c5 5. cxd5 exd5 6. Bb2 Nc6 7. Bb5 Be7 8. O-O O-O 9. d4 Bg4 10. dxc5 Bxc5 11. Nc3 Qd6 12. h3 Bh5 13. Be2 Rfd8 {[%emt 0:01:46] White is slightly better.} 14. Nb5 Qe7 15. Rc1 Ne4 16. Nfd4 Bxe2 17. Qxe2 Bxd4 18. Nxd4 Nxd4 19. Bxd4 b6 20. Rc2 Ng5 21. Rfc1 Ne6 22. Qd2 Qd7 23. Qc3 h6 24. a4 Rab8 25. Kh2 f6 26. Kg1 Rb7 27. Qd3 Kf7 28. h4 Nxd4 29. Qxd4 Qd6 30. h5 Rbd7 31. Rd1 Qe5 32. Qg4 Qe4 33. Qe2 (33. Qxe4 {simplifies} dxe4 34. Rxd7+ Rxd7 35. Rc6) 33... Qe5 (33... d4 $11 34. Qc4+ Kf8) 34. Rd4 $14 Qf5 35. g4 Qe5 36. Qd3 Qd6 37. Kg2 Kf8 38. Rd2 Qe6 39. Qc3 (39. b4 $16) 39... Ke7 (39... Rf7 $14) 40. Qc2 Kf8 41. Qg6 Qf7 42. Qf5 {[%emt 0:00:05] White is much more active.} Ke8 43. Rc2 Rd6 44. Kf3 Qd7 45. Kf4 Qxf5+ $2 {[%emt 0:00:37] [#] This costs Black the game.} (45... Re6 $16) 46. Kxf5 $16 {[%emt 0:00:05][%mdl 4096] Endgame. KRR-KRR} R6d7 47. Kg6 Kf8 48. Rcd2 {[%emt 0:00:37] Black must now prevent e4.} Ke7 (48... Rd6 $142 49. Kh7 R6d7) 49. e4 $18 (49. Kxg7 {leads to mate.} Ke6+ 50. Kxh6 Rh8+ 51. Kg6 Rg8+ 52. Kh6 Kf7 (52... Rh8+ 53. Kg6 Rg8+ 54. Kh6 Kf7 55. Kh7 Rdd8 56. Rxd5 Rh8#) 53. Kh7 Rdd8 54. Rxd5 Rh8#) 49... f5 $2 {[%emt 0:00:35] [#]} (49... Rc7 50. Rxd5 (50. Kxg7 {gets mated.} Ke6+ 51. Kg6 Rg8+ 52. Kxh6 Kf7 53. Kh7 Rcc8 54. exd5 Rh8#) 50... Rxd5 51. Rxd5 (51. exd5 Kd6 $18) 51... Ke8) 50. Rxd5 {[%emt 0:00:30] White is clearly winning.} Rxd5 51. Rxd5 Rf8 52. Rxf5 {[%emt 0:00:08] Weighted Error Value: White=0.09 (flawless) /Black=0.21 (precise) .  Loses game:     	---       	Black=1      Mistake:       	White=1     	Black=4      Inaccurate:     	White=1     	Black=1      OK:         	White=12    	Black=7      Best:        	White=1     	Black=1} 1-0

[Event "28th Hit Open-A 2024"]
[Site "Nova Gorica"]
[Date "2024.01.30"]
[Round "6.18"]
[White "Orsatti, Marcello"]
[Black "Ongut, Tamas Gunes"]
[Result "1-0"]
[ECO "E00"]
[WhiteElo "1918"]
[BlackElo "2310"]
[Annotator "TA"]
[PlyCount "97"]
[EventDate "2024.01.22"]
[EventType "swiss"]
[EventCountry "SLO"]
[SourceTitle "playchess.com"]
[Source "ChessBase"]
[SourceQuality "1"]
[TimeControl "5400+30"]

1. c4 e6 2. g3 d5 3. Bg2 Nf6 4. d4 Bb4+ 5. Bd2 Be7 6. Nf3 Nbd7 7. cxd5 exd5 8. O-O {[%emt 0:00:16] The position is equal.} O-O 9. Nc3 c6 10. a3 a5 11. Bg5 Re8 12. e3 Bd6 13. Re1 h6 14. Bxf6 Nxf6 15. Rc1 Bf5 16. Na4 Qe7 17. Nc5 b6 18. Nd3 c5 19. Nde5 (19. Nf4 $15) 19... c4 $17 20. Nh4 Bh7 21. Nxc4 dxc4 22. Bxa8 Rxa8 23. Rxc4 g5 24. Ng2 Qe6 {[%emt 0:00:23][%mdl 1024] Black has strong compensation. White is weak on the light squares} 25. Rc3 g4 26. Nf4 Qe4 ({Black should play} 26... Qd7 $1 $17 {aiming for ...Ne4.} 27. h4 gxh3) 27. Qc1 (27. h3 $1 $15) 27... Bf5 28. Rc6 $2 (28. Qd1 $17 {keeps fighting.}) 28... Rd8 $2 (28... Qf3 $1 $19 {And now ...Be4 would win.} 29. Rxd6 Ne4) 29. Rxb6 $15 Nh7 30. Qc6 Ng5 31. Qxe4 Bxe4 32. Rc1 {[%emt 0:02:02] Against Bc7} (32. Rd1 $1 $11) 32... Nf3+ $17 33. Kf1 {[%emt 0:00:36] [#]} (33. Kg2 $142) 33... Bxf4 $1 34. gxf4 Nxh2+ (34... h5 $142 35. Ke2 h4) 35. Ke2 Kg7 36. Rb5 f6 (36... a4 $1 $15) 37. Rxa5 $11 Kg6 38. Ra7 {[%emt 0:04:07] Re7 would now be deadly.} h5 $1 39. Re7 Bf3+ 40. Kd3 h4 41. e4 {[%emt 0:01:35][%cal Be3e4,Be4f5][%mdl 32] Black must now prevent Rcc7.} Rg8 $2 (41... h3 $11 {and Black has nothing to worry.}) 42. d5 $18 {[%emt 0:00:54][%cal Bd4d5,Bd5d6,Bd6d7][%mdl 32] Strongly threatening d6.} g3 43. fxg3 h3 (43... hxg3 $142 44. d6 f5) 44. d6 {[%emt 0:01:38] Threatens to win with d7. White is clearly winning.} f5 45. exf5+ Kf6 46. Rcc7 Rf8 {[%emt 0:07:35] Wards off Rf7+} 47. Re6+ Kxf5 48. Re5+ Kf6 {[%emt 0:00:24] [#]} 49. d7 $1 {[%emt 0:00:21] What a fight!   Weighted Error Value: White=0.25 (precise) /Black=0.38.  Loses game:     	White=1     	Black=1      Missed win:     	---       	Black=1      Mistake:       	White=4     	Black=4      Inaccurate:     	White=2     	Black=1      OK:         	White=9     	Black=13     Best:        	White=7     	Black=1      Strong:       	---       	Black=2} 1-0

[Event "28th Hit Open-A 2024"]
[Site "Nova Gorica"]
[Date "2024.01.30"]
[Round "6.19"]
[White "Perossa, Nicolas"]
[Black "Hozjan, Erik"]
[Result "1-0"]
[ECO "B51"]
[WhiteElo "2277"]
[BlackElo "1897"]
[Annotator "RC"]
[PlyCount "77"]
[EventDate "2024.01.22"]
[EventType "swiss"]
[EventCountry "SLO"]
[SourceTitle "playchess.com"]
[Source "ChessBase"]
[SourceQuality "1"]
[TimeControl "5400+30"]

1. e4 c5 2. Nf3 Nc6 3. Bb5 d6 4. O-O Bg4 5. Re1 e5 6. c3 Nf6 7. d4 cxd4 8. cxd4 Nd7 9. Be3 Be7 10. Na3 O-O 11. Nc2 f5 12. dxe5 fxe4 13. Qd5+ Kh8 14. Nd2 Rc8 15. Nxe4 Ncxe5 16. Rac1 Rf5 17. Qb3 a6 18. Bf1 b5 19. h3 Bh5 20. Nd4 Bf7 21. Rxc8 Qxc8 22. Qa3 Rh5 23. Ng3 Bf8 24. Nxh5 Bxh5 25. Rc1 Qb7 26. Qc3 Bf7 27. a4 bxa4 28. Nc6 Ng6 29. Nd8 Qd5 30. Nxf7+ Qxf7 31. Bxa6 Nde5 32. Bc4 d5 33. Be2 Nf4 34. Bxf4 Qxf4 35. Rd1 Kg8 36. Rxd5 Bd6 37. Rxd6 Nf3+ 38. Qxf3 Qxd6 39. Bc4+ 1-0

[Event "28th Hit Open-A 2024"]
[Site "Nova Gorica"]
[Date "2024.01.30"]
[Round "6.20"]
[White "Horvath, Andras"]
[Black "Djuric, Stefan"]
[Result "0-1"]
[ECO "C45"]
[WhiteElo "1901"]
[BlackElo "2220"]
[Annotator "TA"]
[PlyCount "70"]
[EventDate "2024.01.22"]
[EventType "swiss"]
[EventCountry "SLO"]
[SourceTitle "playchess.com"]
[Source "ChessBase"]
[SourceQuality "1"]
[TimeControl "5400+30"]

1. e4 e5 2. Nf3 Nc6 3. d4 exd4 4. Nxd4 Bb4+ 5. c3 Bc5 6. Nxc6 bxc6 7. Bd3 d5 8. exd5 Qe7+ 9. Qe2 {[%emt 0:04:04] The position is equal.} cxd5 10. Bb5+ Bd7 11. Bxd7+ Kxd7 12. Be3 Bxe3 13. fxe3 Rb8 14. O-O Nf6 {[%emt 0:00:08][%cal Bg8f6,Bf6g4,Bg4h2][%mdl 32] Repels Qg4+} 15. Na3 Rhe8 16. Rf3 Qe5 17. Nb5 c5 18. Nxa7 Re6 {[%emt 0:04:50] Dodges Qa6} 19. a4 Ng4 20. Rg3 (20. g3 $11 {keeps the balance.} f5 (20... Nxe3 21. Rxf7+ Ke8 22. Rf4 $16) 21. Nb5) 20... h5 {[%emt 0:08:14][%cal Og7g6] Black is much more active.} (20... Nxe3 21. Nb5 $11) (20... f5 $5) 21. Rf1 ({White should try} 21. Nb5 $15) 21... Ke8 {[%emt 0:02:00][%cal Og4h2] And now ...Nxh2! would win.} (21... Nxe3 $2 {perishes.} 22. Rxf7+ Ke8 23. Rfxg7 $18 (23. Rgxg7 Nf5 $18)) 22. Nb5 $2 {[%emt 0:01:24] [#] White does not recover from this.} (22. Rh3 $17 {was worth a try.}) 22... Nxh2 $1 $19 23. Rf4 (23. Kxh2 $2 {is the wrong capture.} h4 24. Kg1 hxg3 $19) (23. Rgf3 Nxf3+) 23... Qxf4 24. exf4 Rxe2 25. Kxh2 Rxb2 {[%emt 0:03:54][%mdl 4096] Endgame. KRR-KRN} 26. Nc7+ Kf8 27. Nxd5 Ra2 28. Rg5 Rbb2 (28... Rxa4 $2 {loses.} 29. Rxh5 Kg8 30. Ne7+ Kf8 31. Nc6 $18) 29. Ne3 {[%emt 0:00:16] Black is clearly winning.} Re2 30. Re5 Rxa4 31. Kg3 f6 32. Re6 Kf7 33. f5 g5 34. Kf3 Rd2 35. c4 Ra3 {[%emt 0:01:23] Weighted Error Value: White=0.49/Black=0.03 (flawless) .  Loses game:     	White=1     	---        Mistake:       	White=2     	---        Inaccurate:     	White=2     	---        OK:         	White=7     	Black=14     Best:        	White=1     	Black=2      Brilliant:      	---       	Black=1} 0-1

[Event "28th Hit Open-A 2024"]
[Site "Nova Gorica"]
[Date "2024.01.30"]
[Round "6.21"]
[White "Atakay, Mustafa"]
[Black "Gregoric, Andraz"]
[Result "0-1"]
[ECO "E16"]
[WhiteElo "1889"]
[BlackElo "2217"]
[Annotator "TA"]
[PlyCount "90"]
[EventDate "2024.01.22"]
[EventType "swiss"]
[EventCountry "SLO"]
[SourceTitle "playchess.com"]
[Source "ChessBase"]
[SourceQuality "1"]
[TimeControl "5400+30"]

1. d4 Nf6 2. c4 e6 3. Nf3 Bb4+ 4. Bd2 a5 5. g3 b6 6. Bg2 Bb7 7. O-O O-O 8. Bf4 Be7 9. Nc3 Ne4 10. Rc1 d6 11. Qd3 Nxc3 12. Rxc3 {[%emt 0:00:05][%cal Of3g5] The position is equal.} Nc6 13. e4 Re8 (13... Nxd4 $5 14. Nxd4 e5 $16) 14. Rd1 a4 (14... e5 $11 15. Be3 (15. dxe5 dxe5 16. Nxe5 Nxe5 $11) 15... exd4 16. Nxd4 Bf6) 15. Be3 e5 16. d5 Nb4 17. Qb1 Bc8 18. Ne1 Bg5 19. Nc2 Nxc2 20. Qxc2 Bxe3 21. Rxe3 Bd7 22. Bf1 Qg5 23. Bd3 Rf8 24. Rf1 Bh3 25. f4 exf4 26. Rxf4 a3 27. e5 $2 dxe5 $19 28. Rfe4 f6 {[%emt 0:06:15] [#] And now ...Bf5 would win.} 29. Re2 axb2 30. Qxb2 Ra5 31. d6 (31. a3 {keeps fighting.}) 31... cxd6 32. Qxb6 Ra3 (32... Qc1+ 33. Re1 Qa3 34. Rh4 Qxd3 35. Qxa5 $17) 33. Qxd6 Qc1+ 34. Re1 Qd2 $40 {[%emt 0:00:59][%csl Gh3][%cal Rd2g2][%mdl 128] Black goes for the king.} 35. Qd5+ Rf7 $2 {[%emt 0:00:51][%mdl 8192] [#] The board is on fire. Black has more active pieces.} (35... Kh8 $17 {[%csl Gh3][%cal Rd2g2] keeps the pressure on.} 36. Bf1 Qxd5 (36... Qxa2 $2 37. R4e2 $18) 37. cxd5 Bxf1 38. Rxf1 Rxa2 39. Rxe5 Rd2) 36. Bf1 {[%emt 0:06:31][%mdl 8192] Dodges Qg2+} (36. Rxe5 $1 $18 fxe5 (36... g6 37. Re8+ Kg7 38. Qxf7+ Kh6 39. Qf8+ Kh5 40. R8e5+ f5 41. Be2+) 37. Bxh7+ Kxh7 38. Qxd2) 36... Qxd5 (36... Qxa2 $2 37. Bxh3 g6 38. R4e2 $18 (38. Be6 Raa7 $18)) 37. cxd5 Bxf1 38. Rxf1 Rxa2 {[%emt 0:02:41][%mdl 4096] Endgame. KRR-KRR} 39. Rd1 Rd7 40. Re3 Kf7 41. Rb3 Ra5 42. Rbd3 f5 43. Rf3 Kf6 ({Weaker is} 43... Raxd5 44. Rxd5 Rxd5 45. Rxf5+ Ke6 46. Rf2 $15) (43... Rdxd5 44. Rxd5 Rxd5 45. Rxf5+ Ke6 46. Rf2 $17) 44. Rdf1 g6 ({Stronger than} 44... Raxd5 45. Rxf5+ Ke6 46. Rf8 $15) 45. g4 f4 {[%emt 0:00:07] Weighted Error Value: White=0.43/Black=0.28 (precise) .  Loses game:     	White=1     	Black=1      Missed win:     	White=1     	---        Mistake:       	White=1     	Black=1      Inaccurate:     	White=3     	Black=2      OK:         	White=4     	Black=20     Best:        	White=3     	Black=5} ({Less strong is} 45... Raxd5 46. gxf5 g5 47. Rh3 $15) 0-1

[Event "28th Hit Open-A 2024"]
[Site "Nova Gorica"]
[Date "2024.01.30"]
[Round "6.22"]
[White "Novak, Rok"]
[Black "Zupancic, Jernej"]
[Result "0-1"]
[ECO "B90"]
[WhiteElo "1777"]
[BlackElo "2211"]
[Annotator "TA"]
[PlyCount "80"]
[EventDate "2024.01.22"]
[EventType "swiss"]
[EventCountry "SLO"]
[SourceTitle "playchess.com"]
[Source "ChessBase"]
[SourceQuality "1"]
[TimeControl "5400+30"]

1. e4 c5 2. Nf3 d6 3. d4 cxd4 4. Nxd4 Nf6 5. Nc3 a6 6. f3 e6 7. g4 b5 8. g5 Nfd7 (8... b4 $5) 9. a3 {[%emt 0:02:10] White is slightly better.} Bb7 10. Rg1 Nc6 11. Nxc6 Bxc6 12. Be3 Qb8 13. Qd4 Qb7 14. h4 Rd8 15. h5 Rg8 16. g6 hxg6 17. hxg6 Ne5 18. gxf7+ Qxf7 19. Be2 Nxf3+ 20. Bxf3 Qxf3 21. Rf1 (21. Qb6 $1 $14 Bxe4 22. Rf1 (22. Nxe4 Qxe4 23. O-O-O Rc8 $15) 22... Qg3+ 23. Kd2) 21... Qh5 $11 22. Qb6 Bd7 (22... Rc8 $11) 23. Qxa6 (23. Kd2 $14) 23... Be7 24. Kd2 Bg5 25. Rae1 $36 {[%emt 0:00:58][%cal Od2c1,Ba1e1,Be1e3,Be3d3,Bd3f3][%mdl 2080] White has good play.} (25. Qxd6 $2 Bc6 $19) 25... Bxe3+ 26. Rxe3 Qc5 27. Rd3 Bc6 {[%emt 0:01:50] [#]} (27... Rf8 $16 28. Rxf8+ (28. Qxd6 $2 Qxd6 29. Rxd6 Rxf1 $19) 28... Kxf8) 28. Nd5 $2 Rf8 $2 (28... exd5 29. b4 Qc4 30. exd5 Bxd5 31. Re3+ Be6 32. Rxe6+ Qxe6 33. Qxb5+ (33. Re1 Qxe1+ 34. Kxe1 Kd7 $16) 33... Ke7 34. Re1 $18) (28... Ra8 $1 $17 {[%cal Ra8a6] keeps the pressure on.} 29. b4 (29. Nc7+ $2 Ke7 $19) 29... Rxa6 (29... exd5 $2 30. Qxa8+ Bxa8 31. bxc5 $18) 30. bxc5 exd5 31. exd5 Ba8) 29. b4 $16 {[%emt 0:02:44] White wants to mate with Rxf8+.} Qc4 $2 (29... Rf2+ $16 30. Rxf2 Qxf2+ 31. Kc1 Bxd5 32. exd5 (32. Qxb5+ Kf8 $18) 32... Ke7) 30. Rxf8+ $18 Kxf8 31. Rf3+ Ke8 {[%emt 0:00:01][%cal Bf8e8,Be8e7,Be7d7][%mdl 32] [#]} 32. Qa7 $1 Bd7 (32... Bb7 33. Qxb7) 33. Nc7+ (33. Qf2 $142 Qc3+ 34. Kxc3 (34. Nxc3 Bc8 35. Rf8+ Kd7 36. Qa7+ Kc6 37. Rxd8 Bd7 38. Rxd7 g6 39. Rc7#) 34... Rc8+ 35. Kd2 Rxc2+ 36. Kxc2 Kd8 37. Qb6+ Ke8 38. Qb8+ Bc8 39. Qxc8#) 33... Ke7 {[%emt 0:00:08] [#]} 34. Qe3 $1 Bc6 35. Qg5+ Kd7 36. Rf7+ $2 (36. Qxg7+ $18 Kc8 37. Na8 Bxa8 38. Rc3 Bxe4 39. Rxc4+ bxc4 40. b5) 36... Kc8 $11 {[%emt 0:00:02] Some like it hot} 37. Qxg7 {[%emt 0:00:10] [#]} (37. Qe3 $11 {remains equal.} Rd7 (37... Qxe4 38. Qxe4 Bxe4 39. Rxg7 $16) (37... Bxe4 38. Qc3 $11) 38. Na8 Bxa8 (38... Rxf7 $2 39. Nb6+ Kb7 40. Nxc4 $18) 39. Rxd7 Kxd7 40. Qa7+ Qc7 41. Qxa8) 37... Qxe4 ({Better is} 37... Bd7 $1 $17 38. Na8 Qc6) 38. Nxe6 Qxe6 $19 39. Rc7+ Kb8 {[%emt 0:00:10] Threatens to win with ...Rg8.} 40. Rxc6 $2 (40. Re7 Qd5+ 41. Kc1) 40... Qd5+ {[%emt 0:00:08] Weighted Error Value: White=0.99/Black=0.51.  Loses game:     	White=1     	Black=1      Missed win:     	White=1     	---        Mistake:       	White=4     	Black=4      Inaccurate:     	White=2     	Black=4      OK:         	White=10    	Black=4      Best:        	White=3     	Black=3} 0-1